ITL
RICHMOND FLAIRS @ BLUEVILLE 83'S
09/04/2027
 
TOP OF THE 1ST
Richmond Flairs batting - Pitching for Blueville 83's : LHP Terry Klassen
Pitching: LHP Terry Klassen
Batting: RHB Javier Rentería 0-0: Foul Ball, location: 2F
0-1: Swinging Strike
0-2: Ball
1-2: Ball
2-2: Strikes out swinging
Batting: RHB Freddy Padilla 0-0: Ground out 6-3 (Groundball, 6)
Batting: RHB Elliott Johnston 0-0: Called Strike
0-1: SOLO HOME RUN (Flyball, 8RXD), Distance : 443 ft
Batting: RHB R.J. Crosby 0-0: Called Strike
0-1: Ball
1-1: Foul Ball, location: 2F
1-2: Ball
2-2: Foul Ball, location: 2F
2-2: Foul Ball, location: 2F
2-2: Ball
3-2: Fly out, F7 (Flyball, 7S)
Top of the 1st over - 1 run(s), 1 hit(s), 0 error(s), 0 left on base; Richmond 1 - Blueville 0
BOTTOM OF THE 1ST
Blueville 83's batting - Pitching for Richmond Flairs : RHP Carlos Fernández
Pitching: RHP Carlos Fernández
Batting: RHB Dallas Blair 0-0: Fly out, F4 (Popup, 4D)
Batting: RHB Kuniaki Kawashima 0-0: Called Strike
0-1: Ground out 3-1 (Groundball, 34)
Batting: RHB Gernot Renner 0-0: Foul Ball, location: 2F
0-1: Ball
1-1: Called Strike
1-2: SINGLE (Groundball, 6MD)
Batting: SHB Jack Fountain 0-0: Called Strike
0-1: Ball
1-1: Fly out, F8 (Flyball, 8RXD)
Bottom of the 1st over - 0 run(s), 1 hit(s), 0 error(s), 1 left on base; Richmond 1 - Blueville 0
TOP OF THE 2ND
Richmond Flairs batting - Pitching for Blueville 83's : LHP Terry Klassen
Batting: LHB Luis Villa 0-0: Called Strike
0-1: Ground out 4-3 (Groundball, 34)
Batting: SHB Carlos Reyes 0-0: Ball
1-0: Called Strike
1-1: Swinging Strike
1-2: Strikes out swinging
Batting: RHB Gary Thomas 0-0: Called Strike
0-1: Swinging Strike
0-2: Ball
1-2: Foul Ball, location: 2F
1-2: Ball
2-2: SINGLE (Groundball, 34D)
Pitching: LHP Pierre Dumont
Batting: LHB R.J. Courtney 0-0: Called Strike
0-1: Foul Ball, location: 2F
0-2: Strikes out swinging
Top of the 2nd over - 0 run(s), 1 hit(s), 0 error(s), 1 left on base; Richmond 1 - Blueville 0
BOTTOM OF THE 2ND
Blueville 83's batting - Pitching for Richmond Flairs : RHP Carlos Fernández
Batting: RHB Matt Perkins 0-0: Called Strike
0-1: Ball
1-1: SINGLE (Groundball, 34D)
Batting: LHB Ricardo Romero 0-0: Ball
1-0: 2-RUN HOME RUN (Flyball, 89XD), Distance : 430 ft
Batting: LHB Ron Robinson 0-0: Called Strike
0-1: Called Strike
0-2: Foul Ball, location: 2F
0-2: Ball
1-2: Ball
2-2: Ball
3-2: Strikes out swinging
Batting: LHB Vincente Sáenz 0-0: Swinging Strike
0-1: Ball
1-1: Ball
2-1: Ball
3-1: Swinging Strike
3-2: Strikes out swinging
Batting: RHB Barney Lawson 0-0: Called Strike
0-1: Foul Ball, location: 2F
0-2: Fly out, F9 (Flyball, 89S)
Bottom of the 2nd over - 2 run(s), 2 hit(s), 0 error(s), 0 left on base; Richmond 1 - Blueville 2
TOP OF THE 3RD
Richmond Flairs batting - Pitching for Blueville 83's : LHP Pierre Dumont
Batting: RHB Ray Yates 0-0: Ground out 6-3 (Groundball, 56)
Batting: RHB Javier Rentería 0-0: SINGLE (Groundball, 6MD)
Batting: RHB Freddy Padilla 0-0: Called Strike
0-1: Ball
1-1: Ball
2-1: Foul Ball, location: 2F
2-2: SINGLE (Line Drive, 8LS)
Javier Rentería to second
Batting: RHB Elliott Johnston 0-0: Ball
1-0: Called Strike
1-1: Called Strike
Javier Rentería steals 3rd base
Freddy Padilla to second
1-2: Foul Ball, location: 2F
1-2: Ball
2-2: Foul Ball, location: 2F
2-2: Ball
3-2: Fly out, F8 (Flyball, 89D)
Runner from 3rd tags up, SCORES, no throw
Pitching: RHP Félix Rivera
Batting: RHB R.J. Crosby 0-0: Ground out 3-1 (Groundball, 34)
Top of the 3rd over - 1 run(s), 2 hit(s), 0 error(s), 1 left on base; Richmond 2 - Blueville 2
BOTTOM OF THE 3RD
Blueville 83's batting - Pitching for Richmond Flairs : RHP Carlos Fernández
Batting: RHB Dallas Blair 0-0: Fly out, F5 (Line Drive, 5L)
Batting: RHB Kuniaki Kawashima 0-0: Hit by Pitch
Batting: RHB Gernot Renner 0-0: Called Strike
0-1: Ball
1-1: Called Strike
1-2: Foul Ball, location: 2F
1-2: Ball
2-2: Strikes out swinging
Batting: SHB Jack Fountain 0-0: Called Strike
0-1: SINGLE (Line Drive, 8LS)
Kuniaki Kawashima to second
Batting: RHB Matt Perkins 0-0: Called Strike
0-1: Fielders Choice at 2nd, 6-4 (Groundball, 56)
Bottom of the 3rd over - 0 run(s), 1 hit(s), 0 error(s), 1 left on base; Richmond 2 - Blueville 2
TOP OF THE 4TH
Richmond Flairs batting - Pitching for Blueville 83's : RHP Félix Rivera
Batting: LHB Luis Villa 0-0: Swinging Strike
0-1: SINGLE (Groundball, 34D)
Pitching: RHP Ernesto Germán
Batting: SHB Carlos Reyes 0-0: Ball
1-0: Called Strike
1-1: Ball
2-1: Ball
3-1: SINGLE (Groundball, 4MD)
Luis Villa to second
Runner from 2nd tries for 3rd, SAFE, throw made to third
Batting: RHB Gary Thomas 0-0: Swinging Strike
0-1: Ball
1-1: Foul Ball, location: 2F
1-2: Foul Ball, location: 2F
1-2: Ball
2-2: Ball
3-2: Foul Ball, location: 2F
3-2: Ground out 4-3 (Groundball, 4)
Luis Villa scores
Carlos Reyes to second
Batting: LHB R.J. Courtney 0-0: Called Strike
0-1: Foul Ball, location: 2F
0-2: Ball
1-2: Foul Ball, location: 2F
1-2: Ball
2-2: SINGLE (Groundball, 4M) (infield hit)
Carlos Reyes to third
Batting: RHB Ray Yates 0-0: Ball
1-0: Ball
2-0: Ball
3-0: Called Strike
3-1: Base on Balls
R.J. Courtney to second
Batting: RHB Javier Rentería 0-0: Called Strike
0-1: Swinging Strike
0-2: Ball
1-2: Ball
2-2: Ball
3-2: Base on Balls
Carlos Reyes scores
R.J. Courtney to third
Ray Yates to second
Batting: RHB Freddy Padilla 0-0: Ball
1-0: Ball
2-0: Called Strike
2-1: Ball
3-1: Base on Balls
R.J. Courtney scores
Ray Yates to third
Javier Rentería to second
Batting: RHB Elliott Johnston 0-0: Called Strike
0-1: Swinging Strike
0-2: Ball
1-2: Foul Ball, location: 2F
1-2: Foul Ball, location: 2F
1-2: DOUBLE (Line Drive, 7D)
Ray Yates scores
Javier Rentería scores
Freddy Padilla to third
Runner from 3rd tries for Home, SAFE, no throw
Batting: RHB R.J. Crosby 0-0: SINGLE (Groundball, 34D)
Elliott Johnston to third
Batting: LHB Luis Villa 0-0: Swinging Strike
0-1: SINGLE (Line Drive, 78S)
Elliott Johnston scores
R.J. Crosby to second
Batting: SHB Carlos Reyes 0-0: Ball
1-0: Ball
2-0: Called Strike
2-1: Fly out, F8 (Flyball, 8RS)
Batting: RHB Gary Thomas 0-0: Fielders Choice at 2nd, U6 (Groundball, 6M)
Top of the 4th over - 7 run(s), 6 hit(s), 0 error(s), 2 left on base; Richmond 9 - Blueville 2
BOTTOM OF THE 4TH
Blueville 83's batting - Pitching for Richmond Flairs : RHP Carlos Fernández
Batting: LHB Ricardo Romero 0-0: Ball
1-0: Ball
2-0: Ball
3-0: Called Strike
3-1: Base on Balls
Batting: LHB Ron Robinson 0-0: Swinging Strike
0-1: Foul Ball, location: 2F
0-2: Ball
1-2: Strikes out swinging
Batting: LHB Vincente Sáenz 0-0: Ball
1-0: Ball
2-0: Ball
3-0: Base on Balls
Ricardo Romero to second
Batting: RHB Barney Lawson 0-0: Called Strike
0-1: Ball
1-1: Fly out, F9 (Flyball, 9S)
Batting: RHB Dallas Blair 0-0: SINGLE (Line Drive, 9S)
Ricardo Romero to third
Vincente Sáenz to second
Batting: RHB Kuniaki Kawashima 0-0: Foul Ball, location: 2F
0-1: Foul Ball, location: 2F
0-2: Foul Ball, location: 2F
0-2: Fielders Choice at 2nd, 5-4 (Groundball, 5)
Bottom of the 4th over - 0 run(s), 1 hit(s), 0 error(s), 2 left on base; Richmond 9 - Blueville 2
TOP OF THE 5TH
Richmond Flairs batting - Pitching for Blueville 83's : RHP Ernesto Germán
Batting: LHB R.J. Courtney 0-0: Called Strike
0-1: Ball
1-1: Ball
2-1: Ball
3-1: Called Strike
3-2: SINGLE (Flyball, 4MD)
Batting: RHB Ray Yates 0-0: Ball
1-0: Ball
2-0: Foul Ball, location: 2F
2-1: SINGLE (Groundball, 6D)
R.J. Courtney to second
Batting: RHB Javier Rentería 0-0: Ball
1-0: Called Strike
1-1: Ball
2-1: Ball
3-1: Swinging Strike
3-2: Foul Ball, location: 2F
3-2: Base on Balls
R.J. Courtney to third
Ray Yates to second
Pitching: RHP Carlos Carrillo
Batting: RHB Freddy Padilla 0-0: Ball
1-0: Swinging Strike
1-1: DOUBLE (Line Drive, 7)
R.J. Courtney scores
Ray Yates scores
Javier Rentería to third
Runner from 3rd tries for Home, SAFE, no throw
Pinch Runner at 2nd Maresuke Yoshida:
Batting: RHB Elliott Johnston 0-0: Ball
1-0: SINGLE (Line Drive, 4D)
Maresuke Yoshida to third
Runner from 3rd tries for Home, SAFE, throw made home
Batting: RHB R.J. Crosby 0-0: SINGLE (Flyball, 89S)
Elliott Johnston to second
Runner from 2nd tries for 3rd, OUT!
Batting: LHB Luis Villa 0-0: Called Strike
0-1: Foul Ball, location: 2F
0-2: Ball
1-2: SINGLE (Flyball, 7S)
R.J. Crosby to second
Batting: SHB Carlos Reyes 0-0: Ball
1-0: 3-RUN HOME RUN (Flyball, 9LD), Distance : 348 ft
Batting: RHB Gary Thomas 0-0: Ball
1-0: Ball
2-0: Ball
3-0: Called Strike
3-1: Base on Balls
Batting: LHB R.J. Courtney 0-0: Ball
1-0: Ball
2-0: Called Strike
2-1: Ball
Wild Pitch!
Gary Thomas to second
3-1: Base on Balls
Batting: RHB Ray Yates 0-0: Called Strike
0-1: Ball
1-1: Foul Ball, location: 2F
1-2: SINGLE (Groundball, 56D)
Gary Thomas to third
R.J. Courtney to second
Batting: RHB Javier Rentería 0-0: Grounds into double play, 6-4-3 (Groundball, 6)
Top of the 5th over - 7 run(s), 8 hit(s), 0 error(s), 2 left on base; Richmond 16 - Blueville 2
BOTTOM OF THE 5TH
Blueville 83's batting - Pitching for Richmond Flairs : RHP Carlos Fernández
Now at SS: Maresuke Yoshida
Batting: RHB Gernot Renner 0-0: Called Strike
0-1: Ball
1-1: Ball
2-1: Called Strike
2-2: Foul Ball, location: 2F
2-2: Ball
3-2: Foul Ball, location: 2F
3-2: Strikes out looking
Batting: SHB Jack Fountain 0-0: Called Strike
0-1: Ground out 1-3 (Groundball, 15)
Batting: RHB Matt Perkins 0-0: Ball
1-0: Fly out, F8 (Flyball, 89M)
Bottom of the 5th over - 0 run(s), 0 hit(s), 0 error(s), 0 left on base; Richmond 16 - Blueville 2
TOP OF THE 6TH
Richmond Flairs batting - Pitching for Blueville 83's : RHP Carlos Carrillo
Batting: RHB Maresuke Yoshida 0-0: Called Strike
0-1: Called Strike
0-2: Ball
1-2: Ground out 4-3 (Groundball, 4)
Batting: RHB Elliott Johnston 0-0: Ball
1-0: Foul Ball, location: 2F
1-1: Ball
2-1: Ball
3-1: Foul Ball, location: 2F
3-2: SINGLE (Groundball, 6MD)
Batting: RHB R.J. Crosby 0-0: Called Strike
0-1: Foul Ball, location: 2F
0-2: TRIPLE (Flyball, 8RXD)
Elliott Johnston scores
Batting: LHB Luis Villa 0-0: Foul Ball, location: 2F
0-1: SINGLE (Line Drive, 7S)
R.J. Crosby scores
Batting: SHB Carlos Reyes 0-0: Ball
1-0: Ball
2-0: Foul Ball, location: 2F
2-1: Foul Ball, location: 2F
2-2: Foul Ball, location: 2F
2-2: Ball
3-2: Base on Balls
Luis Villa to second
Batting: RHB Gary Thomas 0-0: Ball
1-0: Ball
2-0: DOUBLE (Flyball, 8LXD)
Luis Villa scores
Carlos Reyes to third
Batting: LHB R.J. Courtney 0-0: Ball
1-0: Foul Ball, location: 2F
1-1: Foul Ball, location: 2F
1-2: Foul Ball, location: 2F
1-2: SINGLE (Line Drive, 4MD)
Carlos Reyes scores
Gary Thomas to third
Pinch Hitting: LHB Frank Geddes 0-0: Ball
1-0: Ball
2-0: Ball
Wild Pitch!
Gary Thomas scores
R.J. Courtney to second
3-0: Base on Balls
Batting: RHB Javier Rentería 0-0: Ground out 5-3 (Groundball, 56S)
R.J. Courtney to third
Frank Geddes to second
Batting: RHB Maresuke Yoshida 0-0: Foul Ball, location: 2F
0-1: Ball
1-1: Foul Ball, location: 2F
1-2: Fly out, F9 (Flyball, 89S)
Top of the 6th over - 5 run(s), 5 hit(s), 0 error(s), 2 left on base; Richmond 21 - Blueville 2
BOTTOM OF THE 6TH
Blueville 83's batting - Pitching for Richmond Flairs : RHP Carlos Fernández
Now at 2B: Christian Hudson
Batting: LHB Ricardo Romero 0-0: Called Strike
0-1: Ball
1-1: Fly out, F7 (Flyball, 7D)
Batting: LHB Ron Robinson 0-0: Ball
1-0: Ball
2-0: Ball
3-0: Called Strike
3-1: Ground out 4-3 (Groundball, 34)
Batting: LHB Vincente Sáenz 0-0: Ball
1-0: Ball
2-0: Foul Ball, location: 2F
2-1: Ground out U3 (Groundball, 3)
Bottom of the 6th over - 0 run(s), 0 hit(s), 0 error(s), 0 left on base; Richmond 21 - Blueville 2
TOP OF THE 7TH
Richmond Flairs batting - Pitching for Blueville 83's : RHP Carlos Carrillo
Batting: RHB Elliott Johnston 0-0: Called Strike
0-1: Ball
1-1: Called Strike
1-2: Foul Ball, location: 2F
1-2: Ball
2-2: Strikes out swinging
Batting: RHB R.J. Crosby 0-0: Foul Ball, location: 2F
0-1: Called Strike
0-2: Ball
1-2: Ball
2-2: Foul Ball, location: 2F
2-2: Foul Ball, location: 2F
2-2: Strikes out swinging
Batting: LHB Luis Villa 0-0: Ball
1-0: Foul Ball, location: 2F
1-1: Ball
2-1: Foul Ball, location: 2F
2-2: Foul Ball, location: 2F
2-2: Ball
3-2: Foul Ball, location: 2F
3-2: Base on Balls
Batting: SHB Carlos Reyes 0-0: Ball
1-0: Ball
Luis Villa steals 2nd base
2-0: Called Strike
2-1: Ball
3-1: Foul Ball, location: 2F
3-2: Base on Balls
Batting: RHB Gary Thomas 0-0: Called Strike
0-1: Ball
1-1: Fly out, F6 (Line Drive, 4M)
Top of the 7th over - 0 run(s), 0 hit(s), 0 error(s), 2 left on base; Richmond 21 - Blueville 2
BOTTOM OF THE 7TH
Blueville 83's batting - Pitching for Richmond Flairs : RHP Carlos Fernández
Batting: RHB Barney Lawson 0-0: Ball
1-0: Ground out 1-3 (Groundball, P)
Batting: RHB Dallas Blair 0-0: Called Strike
0-1: Foul Ball, location: 2F
0-2: Foul Ball, location: 2F
0-2: Ball
1-2: Ball
2-2: Foul Ball, location: 2F
2-2: Strikes out swinging
Batting: RHB Pat Haynes 0-0: SINGLE (Line Drive, 78M)
Batting: RHB Gernot Renner 0-0: Swinging Strike
0-1: Ball
1-1: Ball
2-1: Ball
3-1: Foul Ball, location: 2F
3-2: Foul Ball, location: 2F
3-2: Fly out, F6 (Popup, 56D)
Bottom of the 7th over - 0 run(s), 1 hit(s), 0 error(s), 1 left on base; Richmond 21 - Blueville 2
TOP OF THE 8TH
Richmond Flairs batting - Pitching for Blueville 83's : RHP Carlos Carrillo
Now at SS: Pat Haynes
Batting: LHB R.J. Courtney 0-0: Ball
1-0: Fly out, F4 (Popup, 3D)
Pinch Hitting: RHB Jack Ray 0-0: Ball
1-0: Ball
2-0: Foul Ball, location: 2F
2-1: Ball
3-1: SINGLE (Groundball, 6MD)
Pitching: LHP Jacob Wright
Batting: RHB Javier Rentería 0-0: Hit by Pitch
Jack Ray to second
Batting: RHB Maresuke Yoshida 0-0: Called Strike
0-1: Called Strike
0-2: SINGLE (Groundball, 56D)
Jack Ray to third
Javier Rentería to second
Runner from 3rd tries for Home, SAFE, throw made home
Batting: RHB Elliott Johnston 0-0: Ball
1-0: Ball
2-0: Ball
3-0: Base on Balls
Javier Rentería to third
Maresuke Yoshida to second
Batting: RHB R.J. Crosby 0-0: Ball
1-0: Fly out, F9 (Flyball, 9)
Runner from 3rd tags up, SCORES, no throw
Batting: LHB Luis Villa 0-0: Swinging Strike
0-1: Swinging Strike
0-2: Foul Ball, location: 2F
0-2: Foul Ball, location: 2F
0-2: Foul Ball, location: 2F
0-2: Ball
1-2: Strikes out swinging
Top of the 8th over - 2 run(s), 2 hit(s), 0 error(s), 2 left on base; Richmond 23 - Blueville 2
BOTTOM OF THE 8TH
Blueville 83's batting - Pitching for Richmond Flairs : RHP Carlos Fernández
Pitching: RHP Lorenzo Ramos
Now at 1B: Adrián Miranda
Now at 2B: Jack Ray
Now in LF: Roland Jones
Batting: SHB Jack Fountain 0-0: Reached on error, E6 (Groundball, 6)
Batting: RHB Matt Perkins 0-0: Swinging Strike
0-1: Called Strike
0-2: Fielders Choice at 2nd, 1-6 (Groundball, P)
Batting: LHB Ricardo Romero 0-0: Ball
1-0: Ball
2-0: Ball
3-0: Base on Balls
Matt Perkins to second
Batting: LHB Ron Robinson 0-0: Swinging Strike
0-1: Called Strike
0-2: Ball
1-2: Foul Ball, location: 2F
1-2: Fly out, F4 (Popup, 4MD)
Batting: LHB Vincente Sáenz 0-0: Fly out, F8 (Line Drive, 8RM)
Bottom of the 8th over - 0 run(s), 0 hit(s), 1 error(s), 2 left on base; Richmond 23 - Blueville 2
TOP OF THE 9TH
Richmond Flairs batting - Pitching for Blueville 83's : LHP Jacob Wright
Batting: SHB Carlos Reyes 0-0: Called Strike
0-1: Foul Ball, location: 2F
0-2: Foul Ball, location: 2F
0-2: Ball
1-2: Strikes out swinging
Batting: RHB Gary Thomas 0-0: Ball
1-0: DOUBLE (Line Drive, 7LD)
Batting: LHB R.J. Courtney 0-0: Foul Ball, location: 2F
0-1: Ball
1-1: Foul Ball, location: 2F
1-2: Strikes out swinging
Batting: RHB Jack Ray 0-0: Ground out U3 (Groundball, 3S)
Top of the 9th over - 0 run(s), 1 hit(s), 0 error(s), 1 left on base; Richmond 23 - Blueville 2
BOTTOM OF THE 9TH
Blueville 83's batting - Pitching for Richmond Flairs : RHP Lorenzo Ramos
Batting: RHB Barney Lawson 0-0: Called Strike
0-1: Ball
1-1: Ground out 6-3 (Groundball, 6)
Batting: RHB Dallas Blair 0-0: Foul Ball, location: 2F
0-1: Ground out 6-3 (Groundball, 6)
Batting: RHB Pat Haynes 0-0: Ball
1-0: Ball
2-0: Ball
3-0: Base on Balls
Batting: RHB Gernot Renner 0-0: Called Strike
0-1: Ball
1-1: Ball
2-1: Swinging Strike
2-2: Fly out, F8 (Flyball, 8RM)
Bottom of the 9th over - 0 run(s), 0 hit(s), 0 error(s), 1 left on base; Richmond 23 - Blueville 2
Thursday, March 30th, 2017 - OOTP Baseball 17.12 Build 75